 Dungeon Crawl Stone Soup version 0.18.1-50-g88ac8fd (webtiles) character file.

110209 epen the Spry (level 16, -3/132 HPs)
             Began as a Merfolk Monk on Sept 16, 2016.
             Was a High Priest of Cheibriados.
             Slain by a cyclops (27 damage)
             ... on level 15 of the Dungeon.
             The game lasted 00:48:59 (27094 turns).

epen the Spry (Merfolk Monk)                       Turns: 27094, Time: 00:49:00

Health: -3/132     AC:  9    Str: 27    XL:     16   Next: 54%
Magic:  36/36      EV: 24    Int: 24    God:    Cheibriados [*****.]
Gold:   1645       SH:  9    Dex: 27    Spells: 1 memorised, 25 levels left

rFire  + + .     SeeInvis .       - Unarmed
rCold  + . .     Gourm    .     p - +6 chain mail of the Manifold Gods {*Corrode +Blink rPois MR-}
rNeg   + . .     Faith    .     L - +2 buckler {rN+}
rPois  +         Spirit   .     (helmet restricted)
rElec  +         Dismiss  .     Q - +0 cloak
rCorr  .         Reflect  .     V - +0 pair of gloves "Baitz" {MP+9}
SustAt .         Harm     .     x - +0 pair of boots
MR     .....                    F - amulet "Muawula" {+Rage rF++ rC+}
Stlth  ..........               W - ring "Wuneint" {+Inv rElec Str+3 Dex-5 Stlth-}
                                w - +4 ring of protection

@: corroded, very slightly contaminated, very slow, not resistant to hostile
enchantments, extremely unstealthy
A: change form in water, swift swim, horns 2, MP-powered wands
a: Bend Time, Temporal Distortion, Slouch, Step From Time, Renounce Religion,
Evoke Blink, Evoke Berserk Rage, Evoke Invisibility


You were on level 15 of the Dungeon.
You worshipped Cheibriados.
Cheibriados was extremely pleased with you.
You were not hungry.

You visited 3 branches of the dungeon, and saw 25 of its levels.
You also visited: Labyrinth, Ossuary and Ice Cave.

You collected 2590 gold pieces.
You spent 945 gold pieces at shops.

Inventory:

Missiles
 E - 7 throwing nets (quivered)
Armour
 p - the +6 chain mail of the Manifold Gods (worn) {*Corrode +Blink rPois MR-}
   (You bought it in a shop on level 8 of the Dungeon)

   It protects you from poison.
   It affects your resistance to hostile enchantments.
   It lets you blink.
   It may corrode you when you take damage.
 x - a +0 pair of boots (worn)
 A - a +2 robe of magic resistance
 L - a +2 buckler of positive energy (worn)
 Q - a +0 cloak (worn)
 V - the +0 pair of gloves "Baitz" (worn) {MP+9}
   (You acquired it on level 4 of the Lair of Beasts)

   It affects your magic capacity (+9).
Jewellery
 w - a +4 ring of protection (left hand)
 F - the amulet "Muawula" (around neck) {+Rage rF++ rC+}
   (You took it off a gnoll on level 5 of the Dungeon)

   [amulet of rage]

   It greatly protects you from fire.
   It protects you from cold.
   It lets you go berserk.
 N - an uncursed ring of protection from magic
 R - an uncursed ring of protection from cold
 W - the ring "Wuneint" (right hand) {+Inv rElec Str+3 Dex-5 Stlth-}
   (You found it on level 6 of the Lair of Beasts)

   [ring of loudness]

   It affects your strength (+3).
   It affects your dexterity (-5).
   It insulates you from electricity.
   It lets you turn invisible.
   It makes you less stealthy.
 Y - an uncursed ring of see invisible
 Z - an uncursed ring of wizardry
Wands
 H - a wand of lightning (5/15)
 J - a wand of iceblast (5/15)
 U - a wand of acid (6/15)
Scrolls
 a - 4 scrolls of blinking
 e - 18 scrolls of remove curse
 f - a scroll of magic mapping
 g - 3 scrolls of amnesia
 h - 5 scrolls of recharging
 o - 10 scrolls of teleportation
 y - a scroll of summoning
 z - a scroll of enchant weapon
 K - 7 scrolls of identify
 M - 4 scrolls of enchant armour
Potions
 d - 3 potions of agility
 i - 3 potions of heal wounds
 j - 5 potions of might
 k - 3 potions of magic
 q - 3 potions of cure mutation
 r - 2 potions of flight
 u - 6 potions of curing
 B - 2 potions of ambrosia
 D - 2 potions of invisibility
 G - a potion of resistance
 P - a potion of mutation
 S - 2 potions of brilliance
Books
 n - a book of Frost

   Spells                             Type                      Level
   a - Freeze                         Ice                          1
   b - Throw Frost                    Conjuration/Ice              2
   c - Ozocubu's Armour               Charms/Ice                   3
   d - Throw Icicle                   Conjuration/Ice              4
   e - Summon Ice Beast               Ice/Summoning                4
 X - a book of Changes

   Spells                             Type                      Level
   a - Beastly Appendage              Transmutation                1
   b - Sticks to Snakes               Transmutation                2
   c - Spider Form                    Transmutation/Poison         3
   d - Ice Form                       Ice/Transmutation            4
   e - Blade Hands                    Transmutation                5
Miscellaneous
 c - a fan of gales
 l - a sack of spiders
 O - a lamp of fire
 T - a phial of floods
Comestibles
 b - 11 bread rations
 m - a chunk of flesh
 s - 12 meat rations
 v - 24 fruits
 C - 27 beef jerkies
 I - 2 slices of pizza


   Skills:
 - Level 13.7 Fighting
 - Level 16.0 Dodging
 - Level 2.1 Stealth
 - Level 5.0 Shields
 - Level 14.6 Unarmed Combat
 - Level 7.9 Spellcasting
 * Level 8.2 Transmutations
 - Level 14.7 Invocations
 - Level 7.1 Evocations


You had 25 spell levels left.
You knew the following spells:

 Your Spells              Type           Power        Failure   Level  Hunger
a - Blade Hands           Trmt           #####.....   47%         5    #####..


Dungeon Overview and Level Annotations

Branches:
Dungeon (15/15)            Temple (0/1) D:6            Lair (8/8) D:9
  Swamp (0/4) Lair:5       Spider (0/4) Lair:4        Slime (0/6) Lair:6
    Orc (2/2) D:10            Elf (0/3) Orc:2        Vaults (0/5) D:14
 Depths: D:15

Altars:
Cheibriados
Elyvilon
Fedhas
Gozag
Makhleb
Okawaru
Pakellas
Qazlal
Ru
Trog
Vehumet
Xom

Shops:
D:5 [   D:8 *?   D:9 !   D:10 :?}[   D:13 }   Orc:2 :???

Portals:
Pandemonium: Orc:2
Trove: D:10 (give +3 storm dragon armour)

Annotations:
D:10 1 runed door
Lair:6 exclusion: oklob plant


Innate Abilities, Weirdness & Mutations

You revert to your normal form in water.
You are very nimble and swift while swimming.
You have a pair of horns on your head.
You expend magic power (3 MP) to strengthen your wands.


Message History

You see here 2 arrows.
The centaur unwields an uncursed shortbow.
The centaur misses you. x3
You barely miss the centaur. The centaur completely misses you.
You hit the centaur. Your headbutt misses the centaur.
The centaur is moderately wounded.
The centaur completely misses you.
You barely miss the centaur. You headbutt the centaur!
The centaur is almost dead.
The centaur closely misses you.
You pummel the centaur!!
You kill the centaur!
Cheibriados thoroughly appreciates the change of pace.
The cyclops throws a large rock.
The large rock misses you.
You see here a large rock.
Your chain mail of the Manifold Gods prevents you from hitting the cyclops.
You headbutt the cyclops.
The cyclops is lightly wounded.
The cyclops hits you!!
You die...

##..#####..##
....##))....#
((((((.####.#
######## ##.##
#...# #.####...#
#........#
#####....#######
##...##.@C.#
#######...##.##(#
#............##(#
###############(#
#.# ###c#
########..C#
#C§((c(..###
.......########


You could see a cyclops.

Vanquished Creatures
  Rupert (D:13)
  Frances (D:14)
  Maud (Orc:1)
  Nessos (Orc:2)
  Snorg (D:10)
  A minotaur (Lab)
  3 slime creatures (D:13)
  A fire dragon (D:10)
  Josephine (D:11)
  The ghost of nikopol the Cleaver, a journeyman MiBe of Trog (Lair:3)
  Erolcha (D:10)
  10 hydras
  The ghost of epen the Martial Artist, a journeyman MfMo of Cheibriados (Lair:1)
  Harold (Lair:4)
  A catoblepas (Lair:8)
  3 centaur warriors
  9 death yaks
  8 orc high priests (Orc:2)
  Urug (D:11)
  An unseen horror (D:11)
  An infernal demonspawn (Orc:2)
  6 orc knights
  Pikel (D:4)
  2 wizards
  2 deep elf magi (D:13)
  9 ugly things
  6 orc sorcerers (Orc:2)
  A griffon (D:14)
  3 cyclopes
  20 elephants
  5 black mambas
  A smoke demon (Orc:2)
  A rust devil (Orc:2)
  2 ice statues (IceCv)
  10 spiny frogs
  An orange demon (Orc:2)
  2 torpor snails
  4 komodo dragons
  3 rime drakes
  2 kobold demonologists (D:14)
  A yaktaur (D:15)
  An efreet (D:13)
  An ice devil (Orc:2)
  A red devil (Orc:2)
  4 giant leeches (Lair:5)
  2 hellwings (Orc:2)
  8 trolls
  Grinder (D:3)
  A minotaur skeleton (Lab)
  8 polar bears (Lair:8)
  3 two-headed ogres
  7 blink frogs
  3 raiju (Lair:8)
  2 boulder beetles
  53 yaks
  A tarantella (Lair:4)
  Sigmund (D:4)
  8 wraiths
  A ynoxinul (Orc:2)
  5 basilisks
  2 wyverns
  2 hungry ghosts
  12 hippogriffs
  A swamp worm (Lair:5)
  The ghost of go0n the Sneak, an amateur OpAs (D:4)
  15 wargs
  2 mottled dragons (D:11)
  Duvessa (D:4)
  12 water moccasins
  5 hell hounds (Lair:8)
  13 porcupines
  A swamp drake (Lair:5)
  4 slaves (D:4)
  An ice beast (shapeshifter) (D:14)
  5 sky beasts
  A necrophage (D:8)
  32 orc warriors
  5 phantoms
  17 black bears
  9 ice beasts
  21 wolves
  13 ogres
  10 centaurs
  11 crocodiles
  2 big kobolds
  The ghost of kolakolka the Digger, an amateur GrEE (D:3)
  23 giant frogs
  A gnoll sergeant (D:5)
  Dowan (D:4)
  2 wyvern skeletons
  6 scorpions
  17 killer bees
  12 wights
  A troll skeleton (Lab)
  14 howler monkeys
  A lava snake (Lair:6)
  7 crimson imps
  2 human zombies (Ossuary)
  3 giant frog zombies
  29 orc priests
  4 centaur zombies
  21 hounds
  3 gnoll shamans
  8 jellies
  5 centaur skeletons
  31 orc wizards
  2 giant frog skeletons
  12 iguanas
  Natasha (D:2)
  10 worker ants
  A killer bee zombie (D:10)
  7 sheep
  2 big kobold zombies (Ossuary)
  2 ogre skeletons (Lab)
  A hound skeleton (D:8)
  A howler monkey zombie (D:9)
  2 mummies (Ossuary)
  42 gnolls
  12 adders
  65 river rats
  2 shadow imps
  12 white imps (Lair:3)
  An adder skeleton (D:9)
  A worm (D:5)
  3 dart slugs (D:1)
  7 giant geckos
  92 orcs
  6 giant cockroaches
  4 goblins
  7 hobgoblins
  28 jackals
  13 kobolds
  5 quokkas
  3 ball pythons
  10 bats
  8 giant newts
  2 goblin zombies (Ossuary)
  11 hobgoblin zombies (Ossuary)
  11 kobold zombies (Ossuary)
  5 orc zombies (Ossuary)
  A quokka skeleton (D:5)
  9 rats
  4 rat zombies (Ossuary)
  A butterfly (Lair:4)
  A plant (Lair:8)
1039 creatures vanquished.

Vanquished Creatures (collateral kills)
  A fungus (Lair:5)
1 creature vanquished.

Vanquished Creatures (others)
  An orc (Orc:2)
  6 fungi
  10 plants
17 creatures vanquished.

Grand Total: 1057 creatures vanquished

Notes
Turn   | Place    | Note
--------------------------------------------------------------
     0 | D:1      | epen the Merfolk Monk began the quest for the Orb.
     0 | D:1      | Reached XP level 1. HP: 18/18 MP: 1/1
   221 | D:1      | Reached XP level 2. HP: 24/24 MP: 2/2
   541 | D:1      | Reached XP level 3. HP: 24/30 MP: 3/3
  1221 | D:2      | Reached skill level 5 in Unarmed Combat
  1407 | D:2      | Noticed Natasha
  1417 | D:2      | Killed Natasha
  1417 | D:2      | Reached XP level 4. HP: 19/37 MP: 4/4
  2046 | D:3      | Noticed kolakolka's ghost (amateur GrEE)
  2230 | D:3      | Killed kolakolka's ghost
  2230 | D:3      | Reached skill level 5 in Dodging
  2230 | D:3      | Reached XP level 5. HP: 28/43 MP: 5/5
  2387 | D:3      | Reached XP level 6. HP: 36/49 MP: 6/6
  2726 | D:3      | Noticed Grinder
  2751 | D:3      | Paralysed by Grinder for 2 turns
  2771 | D:3      | Killed Grinder
  2771 | D:3      | Reached skill level 5 in Fighting
  2771 | D:3      | Reached skill level 6 in Dodging
  2771 | D:3      | Reached XP level 7. HP: 22/56 MP: 7/7
  2976 | D:3      | Found a snail-covered altar of Cheibriados.
  2976 | D:3      | Found an oddly glowing altar of Pakellas.
  2981 | D:3      | Became a worshipper of Cheibriados the Contemplative
  2981 | D:3      | Reached * piety under Cheibriados
  2981 | D:3      | Reached ** piety under Cheibriados
  3284 | D:4      | Noticed go0n's ghost (amateur OpAs)
  3295 | D:4      | Killed go0n's ghost
  3295 | D:4      | Reached skill level 1 in Invocations
  3534 | D:4      | Found a sacrificial altar of Ru.
  3683 | D:4      | Noticed Duvessa
  3685 | D:4      | Noticed Dowan
  3703 | D:4      | Killed Duvessa
  3725 | D:4      | Killed Dowan
  3725 | D:4      | Reached XP level 8. HP: 49/64 MP: 10/10
  3814 | D:4      | Found a bloodstained altar of Trog.
  3866 | D:4      | Noticed Sigmund
  3886 | D:4      | Killed Sigmund
  3891 | D:4      | Reached skill level 7 in Dodging
  3922 | D:4      | Noticed Pikel
  3988 | D:4      | Killed Pikel
  3988 | D:4      | Reached skill level 5 in Invocations
  4376 | D:4      | Found an iron altar of Okawaru.
  4501 | D:5      | Entered Level 5 of the Dungeon
  4516 | D:5      | Found a stormy altar of Qazlal.
  4599 | D:5      | Gained mutation: You have a pair of small horns on your head. [mutagenic meat]
  4600 | D:5      | Gained mutation: You have a pair of horns on your head. [mutagenic meat]
  4601 | D:5      | Gained mutation: You expend magic power (3 MP) to strengthen your wands. [mutagenic meat]
  4894 | D:5      | Reached *** piety under Cheibriados
  4894 | D:5      | Reached skill level 8 in Dodging
  4894 | D:5      | Reached XP level 9. HP: 54/71 MP: 13/13
  5386 | D:5      | Reached **** piety under Cheibriados
  5388 | D:5      | Got a warped ivory amulet
  5811 | D:5      | Reached ***** piety under Cheibriados
  5934 | D:5      | Found Luobellu's Armour Shop.
  6100 | D:6      | Found a sand-covered staircase.
  6105 | Ossuary  | Entered an ossuary
  6124 | Ossuary  | Identified the amulet "Muawula" {+Rage rF++ rC+} (You took it off a gnoll on level 5 of the Dungeon)
  6376 | D:6      | Reached skill level 9 in Dodging
  6383 | D:6      | Reached ****** piety under Cheibriados
  6420 | D:6      | Reached XP level 10. HP: 68/80 MP: 14/16
  6625 | D:6      | Found a staircase to the Ecumenical Temple.
  7155 | D:7      | Found a shimmering altar of Xom.
  7934 | D:8      | Found a white marble altar of Elyvilon.
  7972 | D:8      | Found Yram's Magic Scroll Emporium.
  7972 | D:8      | Found Anuyfy's Assorted Antiques.
  7982 | D:8      | Bought a scroll of teleportation for 36 gold pieces
  7987 | D:8      | Bought a smelly chain mail for 266 gold pieces
  8006 | D:8      | Identified the +6 chain mail of the Manifold Gods {*Corrode +Blink rPois MR-} (You bought it in a shop on level 8 of the Dungeon)
  8123 | D:8      | Found an opulent altar of Gozag.
  8211 | D:8      | Reached skill level 10 in Dodging
  8426 | D:8      | Found a blossoming altar of Fedhas.
  8671 | D:8      | Found a burning altar of Makhleb.
  8778 | D:9      | Found a staircase to the Lair.
  8779 | D:9      | Noticed an elephant
  8789 | D:9      | Killed an elephant
  8789 | D:9      | Reached skill level 10 in Unarmed Combat
  8789 | D:9      | Reached skill level 10 in Invocations
  8789 | D:9      | Reached XP level 11. HP: 84/89 MP: 18/18
  8851 | D:9      | Found Xydin's Distillery.
  8872 | D:9      | Bought a potion of heal wounds for 70 gold pieces
  8872 | D:9      | Bought a potion of curing for 42 gold pieces
  9361 | D:10     | Entered Level 10 of the Dungeon
  9383 | D:10     | Noticed Snorg
  9396 | D:10     | Killed Snorg
  9650 | D:10     | Found Waapesch's Gadget Emporium.
  9670 | D:10     | Found Lics's Antique Armour Shoppe.
  9677 | D:10     | Bought a shiny buckler for 121 gold pieces
  9697 | D:10     | Noticed Erolcha
  9704 | D:10     | Killed Erolcha
  9704 | D:10     | Reached skill level 11 in Dodging
  9704 | D:10     | Reached skill level 1 in Shields
  9735 | D:10     | Found a staircase to the Orcish Mines.
  9793 | D:10     | Found Wyshes's Magic Scroll Shop.
  9870 | D:10     | Found Nyssear's Book Boutique.
 10022 | D:10     | Found a runed door.
 10022 | D:10     | Noticed a fire dragon
 10037 | D:10     | Killed a fire dragon
 10358 | D:10     | Found a portal to a secret trove of treasure.
 10743 | D:11     | Noticed Josephine
 10755 | D:11     | Killed Josephine
 10762 | D:11     | Reached skill level 10 in Fighting
 11137 | D:11     | Reached XP level 12. HP: 86/97 MP: 20/20
 11475 | D:11     | Noticed Urug
 11491 | D:11     | Killed Urug
 11894 | D:11     | Reached skill level 5 in Shields
 12174 | Lair:1   | Entered Level 1 of the Lair of Beasts
 12255 | Lair:1   | Noticed epen's ghost (journeyman MfMo)
 12512 | Lair:1   | Reached skill level 12 in Dodging
 12580 | Lair:1   | Killed epen's ghost
 12840 | Lair:1   | Noticed an eight-headed hydra
 12848 | Lair:1   | Killed an eight-headed hydra
 13427 | Lair:2   | Noticed a six-headed hydra
 13432 | Lair:2   | Killed a six-headed hydra
 13432 | Lair:2   | Reached skill level 1 in Spellcasting
 13842 | Lair:2   | Reached XP level 13. HP: 103/106 MP: 22/22
 14075 | Lair:2   | Reached skill level 13 in Dodging
 14278 | Lair:3   | Found a frozen archway.
 14318 | IceCv    | Entered an ice cave
 14952 | Lair:3   | Noticed nikopol's ghost (journeyman MiBe)
 14967 | Lair:3   | Killed nikopol's ghost
 15480 | Lair:4   | Found a labyrinth entrance.
 15489 | Lab      | Entered a labyrinth
 16646 | Lab      | Noticed a minotaur
 16655 | Lab      | Killed a minotaur
 16759 | Lair:4   | Found a hole to the Spider Nest.
 17039 | Lair:4   | Identified a scroll of acquirement
 17040 | Lair:4   | Got a pair of fine gloves
 17052 | Lair:4   | Identified the +0 pair of gloves "Baitz" {MP+9} (You acquired it on level 4 of the Lair of Beasts)
 17116 | Lair:4   | Noticed Harold
 17130 | Lair:4   | Killed Harold
 18080 | Lair:5   | Reached skill level 1 in Evocations
 18478 | Lair:5   | Reached skill level 14 in Dodging
 18492 | Lair:5   | Found a staircase to the Swamp.
 18856 | Lair:6   | Got a brightly glowing amber ring
 18858 | Lair:6   | Identified the ring "Wuneint" {+Inv rElec Str+3 Dex-5 Stlth-} (You found it on level 6 of the Lair of Beasts)
 18950 | Lair:6   | Reached XP level 14. HP: 71/115 MP: 23/23
 19108 | Lair:6   | Found a staircase to the Slime Pits.
 19366 | Lair:6   | Reached skill level 5 in Spellcasting
 20794 | Lair:8   | Entered Level 8 of the Lair of Beasts
 21214 | Lair:8   | Reached XP level 15. HP: 91/122 MP: 25/25
 21236 | Lair:8   | Reached skill level 15 in Dodging
 21342 | Lair:8   | Reached skill level 5 in Evocations
 22057 | Orc:1    | Entered Level 1 of the Orcish Mines
 22059 | Orc:1    | Noticed Maud
 22072 | Orc:1    | Killed Maud
 22309 | Orc:2    | Entered Level 2 of the Orcish Mines
 22309 | Orc:2    | Noticed Nessos
 22314 | Orc:2    | Killed Nessos
 22369 | Orc:2    | Found a radiant altar of Vehumet.
 22702 | Orc:2    | Found Kaduuguf's Magic Scroll Boutique.
 22706 | Orc:2    | Bought a scroll of teleportation for 48 gold pieces
 22706 | Orc:2    | Bought a scroll of teleportation for 48 gold pieces
 22707 | Orc:2    | Found a staircase to the Elven Halls.
 23108 | Orc:2    | Found Bamadgh's Magic Scroll Emporium.
 23122 | Orc:2    | Found Qaol's Magic Scroll Shoppe.
 23424 | Orc:2    | Found Lisisiet's Book Boutique.
 23424 | Orc:2    | Found a one-way gate leading to the halls of Pandemonium.
 23424 | Orc:2    | Found Dija's Antique Weapon Shop.
 23506 | Orc:2    | Bought a scroll of blinking for 97 gold pieces
 23506 | Orc:2    | Bought a scroll of blinking for 97 gold pieces
 23508 | Orc:2    | Bought a scroll of blinking for 120 gold pieces
 24113 | D:12     | Reached XP level 16. HP: 129/131 MP: 27/27
 24665 | D:13     | Noticed Rupert
 24666 | D:13     | Paralysed by Rupert for 5 turns
 24707 | D:13     | Killed Rupert
 25172 | D:13     | Reached skill level 16 in Dodging
 25426 | D:13     | Found Nougapha's Gadget Boutique.
 25726 | D:13     | Learned a level 5 spell: Blade Hands
 25874 | D:13     | Reached skill level 1 in Transmutations
 25919 | D:14     | Found a burning altar of Makhleb.
 26023 | D:14     | Noticed Frances
 26043 | D:14     | Killed Frances
 26077 | D:14     | Found a gate to the Vaults.
 26100 | D:14     | Reached skill level 5 in Transmutations
 26902 | D:15     | Entered Level 15 of the Dungeon
 27076 | D:15     | HP: 5/132 [cyclops (25)]
 27094 | D:15     | Slain by a cyclops

Skill      XL: |  1  2  3  4  5  6  7  8  9 10 11 12 13 14 15 16 |
---------------+-------------------------------------------------+-----
Unarmed Combat | 5 6 7 8 9 10 11 12 13 14 | 14.6
Fighting       | 4 5 6 7 9 10 11 12 13 | 13.7
Dodging        | 5 6 8 9 10 11 12 14 15 16 | 16.0
Invocations    | 3 5 8 10 11 12 13 14 | 14.7
Shields        | 4 5 |  5.0
Spellcasting   | 2 4 6 7 |  7.9
Evocations     | 2 4 6 7 |  7.1
Transmutations | 8 |  8.2
Stealth        | |  2.1

Action                   |  1- 3 |  4- 6 |  7- 9 | 10-12 | 13-15 | 16-18 || total
-------------------------+-------+-------+-------+-------+-------+-------++-------
Melee: Unarmed           |   146 |   125 |   477 |   747 |  1417 |   373 ||  3285
       Punch             |     2 |     4 |    30 |    37 |       |       ||    73
       Headbutt          |       |       |   106 |   315 |   557 |   153 ||  1131
       Tailslap          |       |       |     5 |       |       |       ||     5
Invok: Slouch            |       |       |       |     4 |    28 |     6 ||    38
  Use: Potion            |       |     1 |       |     1 |       |     2 ||     4
       Scroll            |       |       |    16 |     8 |    10 |     6 ||    40
 Stab: Sleeping          |     6 |     1 |     7 |     2 |     1 |       ||    17
       Confused          |       |       |       |       |     2 |       ||     2
  Eat: Chunk             |     2 |     4 |    10 |    14 |    22 |     6 ||    58
       Royal jelly       |       |       |       |     1 |     1 |       ||     2
       Pizza             |       |       |       |       |     1 |       ||     1
Armor: Robe              |    31 |     9 |       |       |       |       ||    40
       Ring mail         |       |    19 |   106 |    20 |       |       ||   145
       Chain mail        |       |       |       |   202 |   367 |    87 ||   656
Dodge: Dodged            |   132 |    74 |   414 |   787 |  1307 |   242 ||  2956
Block: Buckler           |       |       |       |   222 |   719 |   108 ||  1049
